 Dungeon Crawl Stone Soup version 0.22.1-6-g1668fe2 (webtiles) character file.

11767 infcreate the Eclecticist (level 11, -6/54 HPs)
             Began as a Deep Elf Conjurer on Jan 24, 2019.
             Was an Elder of Vehumet.
             Engulfed by a cloud of flame (12 damage)
             ... in a volcano.
             The game lasted 01:08:22 (11929 turns).

infcreate the Eclecticist (Deep Elf Conjurer)      Turns: 11929, Time: 01:08:23

Health: -6/54      AC:  5    Str:  5    XL:     11   Next: 53%
Magic:  0/32       EV: 15    Int: 24    God:    Vehumet [****..]
Gold:   592        SH:  0    Dex: 15    Spells: 21/41 levels left

rFire    + . .     SeeInvis .   s - staff of poison
rCold    . . .     Gourm    .   (no shield)
rNeg     . . .     Faith    .   H - +2 robe
rPois    +         Spirit   .   (no helmet)
rElec    .         Reflect  .   d - scarf {repulsion}
rCorr    .         Harm     +   J - +0 pair of gloves
MR       +....                  (no boots)
Stlth    +++.......             m - amulet of harm
HPRegen  0.18/turn              K - ring of protection from fire
MPRegen  0.23/turn              F - ring of wizardry

@: repel missiles
A: no striking features
a: Renounce Religion


You were in a volcano.
You worshipped Vehumet.
Vehumet was greatly pleased with you.
You were very hungry.

You visited 3 branches of the dungeon, and saw 13 of its levels.
You also visited: Volcano.

You collected 592 gold pieces.

Inventory:

Armour
 d - a scarf of repulsion (worn)
 v - a scarf of cloud immunity
 H - a +2 robe (worn)
 J - a +0 pair of gloves (worn)
Magical Staves
 s - an uncursed staff of poison (weapon)
Jewellery
 m - an amulet of harm (around neck)
 B - an uncursed ring of resist corrosion
 C - a +2 ring of evasion
 F - a ring of wizardry (right hand)
 K - a ring of protection from fire (left hand)
Wands
 i - a wand of digging (22)
Scrolls
 b - 5 scrolls of teleportation
 e - a scroll of enchant weapon
 n - 2 scrolls of magic mapping
 o - a scroll of noise {unknown}
 p - 2 scrolls of identify
 q - a scroll of fog {unknown}
 t - 2 scrolls of enchant armour
 y - 5 scrolls of remove curse
 z - a scroll of brand weapon {unknown}
 A - a scroll of holy word {unknown}
 D - 2 scrolls of immolation
Potions
 f - 2 potions of cancellation
 g - a potion of agility {unknown}
 h - 2 potions of berserk rage
 j - a potion of lignification {unknown}
 k - 3 potions of might
 l - a potion of curing {unknown}
 r - a potion of brilliance {unknown}
 w - 2 potions of ambrosia
 x - 2 potions of flight
 E - a potion of heal wounds {unknown}
 G - a potion of mutation {unknown}
 I - a potion of magic {unknown}
Comestibles
 c - 20 rations


   Skills:
 + Level 4.7 Dodging
 + Level 5.5 Stealth
 + Level 15.8 Spellcasting
 + Level 13.2 Conjurations
 + Level 4.4 Hexes


You had 21 spell levels left.
You knew the following spells:

 Your Spells              Type           Power        Failure   Level  Hunger
a - Magic Dart            Conj           ####         0%          1    None
b - Searing Ray           Conj           ######       0%          2    None
c - Dazzling Spray        Conj/Hex       ######       1%          3    None
d - Iskenderun's Mystic   Conj           ######..     1%          4    None
e - Fulminant Prism       Conj/Hex       ######....   1%          4    None
f - Force Lance           Conj/Tloc      ######..     1%          4    None
g - Slow                  Hex            #####...     1%          2    None

Your spell library contained the following spells:

 Spells                   Type           Power        Failure   Level  Hunger
 Static Discharge         Conj/Air       ######..     1%          3    None
 Animate Skeleton         Necr           N/A          1%          1    None
 Freeze                   Ice            ###.         1%          1    None
 Pain                     Necr           ###.         1%          1    None
 Blink                    Tloc           N/A          1%          2    None
 Call Imp                 Summ           ###.....     1%          2    None
 Throw Frost              Conj/Ice       ######       1%          2    None
 Conjure Flame            Conj/Fire      ######..     1%          3    None
 Mephitic Cloud           Conj/Pois/Air  ######..     1%          3    None
 Throw Icicle             Conj/Ice       ######..     1%          4    None
 Ozocubu's Armour         Chrm/Ice       ###.....     3%          3    None
 Regeneration             Chrm/Necr      ###.......   3%          3    None
 Vampiric Draining        Necr           ###.......   3%          3    None
 Animate Dead             Necr           N/A          12%         4    None
 Summon Ice Beast         Ice/Summ       ###.....     12%         4    None


Dungeon Overview and Level Annotations

Branches:
Dungeon (10/15)            Temple (1/1) D:5            Lair (2/6) D:8
    Orc (0/2) D:10
  Swamp: Lair:2-4    Shoals: Lair:2-4     Snake: Lair:2-4    Spider: Lair:2-4

Altars:
Ashenzari
Cheibriados
Dithmenos
Elyvilon
Fedhas
Gozag
Hepliaklqana
Kikubaaqudgha
Makhleb
Nemelex Xobeh
Okawaru
Qazlal
Ru
Sif Muna
Trog
Uskayaw
Vehumet
Wu Jian
Xom
Yredelemnul
Zin
The Shining One

Shops:
D:9 ?

Annotations:
D:9 2 runed doors


Message History

Casting: Iskenderun's Mystic Blast (safe; 1% risk of failure)
Confirm with . or Enter, or press ? or * to list all spells.
Aiming: Magic Dart (safe; 0% risk of failure)
Press: ? - help, Shift-Dir - straight line, f/p - efreet
Aim: an efreet, wielding a scimitar of flaming (almost dead)
The magic dart hits the efreet.
The efreet is almost dead.
The efreet gestures at you.
The fireball explodes!
The fireball engulfs you! You resist.
* * * LOW HITPOINT WARNING * * *
Casting: Magic Dart (safe; 0% risk of failure)
Confirm with . or Enter, or press ? or * to list all spells.
Aiming: Magic Dart (safe; 0% risk of failure)
Press: ? - help, Shift-Dir - straight line, f/p - efreet
Aim: an efreet, wielding a scimitar of flaming (almost dead)
The magic dart hits the efreet.
The efreet is almost dead.
Really walk into that cloud of flame?
You are engulfed in blazing flames.
You resist.
You die...

#§R## ### §§§E# ####
#.## .§≈§§# ###..#
##..## §§§§.R
##≈...###§...# #E≈§§§.
#§≈....#§.≈..## §§≈≈§≈.
#§§.∩..)@≈≈≈..##§≈≈v≈≈≈
#≈≈....#≈§≈§≈≈R'#
#≈≈...##≈≈§≈≈####
#≈≈....##≈≈###
#≈..∩..'#### #§§....#.#
##≈...## 98 ###.## .#
#.# #


You could see an efreet.

Vanquished Creatures
  A two-headed ogre (D:10)
  Nergalle (D:10)
  An oklob plant (Lair:1)
  A molten gargoyle (Volcano)
  Joseph (D:9)
  2 spiny frogs (Lair:1)
  An efreet (Volcano)
  2 komodo dragons (Lair:1)
  Prince Ribbit (D:9)
  2 hippogriffs
  Sigmund (D:2)
  9 yaks
  A basilisk (Lair:1)
  2 fire elementals (Volcano)
  Eustachio (D:5)
  A porcupine (Lair:1)
  6 water moccasins
  4 orc warriors
  2 necrophages
  2 sky beasts
  4 ice beasts
  3 phantoms
  2 ogres
  3 crocodiles
  4 centaurs
  4 wolves
  2 big kobolds
  5 bullfrogs
  3 scorpions
  6 killer bees (D:9)
  4 wights (D:10)
  A bullfrog zombie (D:8)
  A howler monkey (D:4)
  4 crimson imps
  3 jellies (D:8)
  5 hounds
  9 orc priests
  Terence (D:2)
  An iguana (D:8)
  7 orc wizards
  9 worker ants
  A worker ant zombie (D:8)
  11 gnolls
  2 howler monkey skeletons
  5 adders
  3 shadow imps
  6 oozes
  An adder zombie (D:8)
  3 worms (D:2)
  A dart slug (D:1)
  5 leopard geckos
  28 orcs
  7 bats
  5 giant cockroaches
  6 goblins
  5 hobgoblins
  3 quokkas
  6 ball pythons
  6 frilled lizards
  A jackal skeleton (D:4)
  16 kobolds
  A leopard gecko skeleton (D:4)
  A quokka zombie (D:9)
  8 rats
  2 fire vortices (Volcano)
  A fulminant prism (Lair:1)
  A plant (Lair:1)
258 creatures vanquished.

Vanquished Creatures (others)
  18 fulminant prisms
18 creatures vanquished.

Grand Total: 276 creatures vanquished

Notes
Turn   | Place    | Note
-------+----------+-------------------------------------------
     0 | D:1      | infcreate the Deep Elf Conjurer began the quest for the
                  | Orb.
     0 | D:1      | Reached XP level 1. HP: 10/10 MP: 6/6
   240 | D:1      | Reached XP level 2. HP: 15/15 MP: 5/8
   244 | D:1      | Learned a level 2 spell: Searing Ray
   528 | D:1      | Reached skill level 5 in Conjurations
   746 | D:2      | Reached XP level 3. HP: 19/19 MP: 0/9
   751 | D:2      | Learned a level 3 spell: Dazzling Spray
   830 | D:2      | Noticed Sigmund
   844 | D:2      | Killed Sigmund
   844 | D:2      | Reached skill level 4 in Spellcasting
   844 | D:2      | Reached XP level 4. HP: 24/24 MP: 0/12
   844 | D:2      | Reached XP level 5. HP: 28/28 MP: 0/13
   909 | D:2      | Noticed Terence
   925 | D:2      | Killed Terence
  1482 | D:2      | Found a sacrificial altar of Ru.
  1851 | D:3      | Reached XP level 6. HP: 32/32 MP: 9/14
  1888 | D:3      | Learned a level 4 spell: Iskenderun's Mystic Blast
  2517 | D:4      | Reached skill level 5 in Spellcasting
  2964 | D:4      | Reached skill level 6 in Spellcasting
  2964 | D:4      | Reached XP level 7. HP: 23/36 MP: 0/18
  3802 | D:5      | Entered Level 5 of the Dungeon
  3804 | D:5      | Found a staircase to the Ecumenical Temple.
  3828 | D:5      | Reached skill level 7 in Spellcasting
  3834 | Temple   | Entered the Ecumenical Temple
  3909 | Temple   | Became a worshipper of Vehumet
  4170 | D:5      | Reached skill level 8 in Spellcasting
  4264 | D:5      | Reached XP level 8. HP: 41/41 MP: 17/22
  4295 | D:5      | Learned a level 4 spell: Fulminant Prism
  4300 | D:5      | Learned a level 4 spell: Force Lance
  4378 | D:5      | Noticed Eustachio
  4385 | D:5      | Killed Eustachio
  4385 | D:5      | Reached skill level 1 in Hexes
  4586 | D:5      | Reached * piety under Vehumet
  4586 | D:5      | Offered knowledge of Sting by Vehumet.
  4687 | D:5      | Found a sparkling altar of Nemelex Xobeh.
  4689 | D:5      | Found an opulent altar of Gozag.
  4689 | D:5      | Found a shimmering altar of Xom.
  4691 | D:5      | Found an ornate altar of the Wu Jian Council.
  4691 | D:5      | Found an opulent altar of Gozag.
  4691 | D:5      | Found a shimmering altar of Xom.
  4761 | D:6      | Reached skill level 9 in Spellcasting
  5131 | D:6      | Found a deep blue altar of Sif Muna.
  5322 | D:6      | Found a sparkling altar of Nemelex Xobeh.
  5628 | D:7      | Reached skill level 10 in Spellcasting
  5871 | D:7      | Reached XP level 9. HP: 45/45 MP: 4/25
  6242 | D:7      | Found a sparkling altar of Nemelex Xobeh.
  6382 | D:7      | Found a shattered altar of Ashenzari.
  6512 | D:7      | Offered knowledge of Flame Tongue by Vehumet.
  6512 | D:7      | Reached skill level 10 in Conjurations
  6594 | D:8      | Reached ** piety under Vehumet
  6599 | D:8      | Reached skill level 11 in Spellcasting
  7127 | D:8      | Learned a level 2 spell: Slow
  7526 | D:8      | Reached skill level 12 in Spellcasting
  7612 | D:8      | Reached skill level 5 in Stealth
  7811 | D:8      | Found a staircase to the Lair.
  7958 | D:8      | Offered knowledge of Inner Flame by Vehumet.
  8147 | D:9      | Found Guilom Sahoz's Magic Scroll Emporium.
  8151 | D:9      | Reached XP level 10. HP: 50/50 MP: 18/28
  8189 | D:9      | Reached *** piety under Vehumet
  8581 | D:9      | Found a runed door.
  8585 | D:9      | Noticed an ice dragon
  8586 | D:9      | Found the +2 shield of Resistance {rF+ rC+ MR+}
  8586 | D:9      | Noticed a fire dragon
  8588 | D:9      | Noticed a fire dragon
  8589 | D:9      | Found a runed door.
  8589 | D:9      | Noticed an ice dragon
  8609 | D:9      | Noticed Prince Ribbit
  8614 | D:9      | Killed Prince Ribbit
  8617 | D:9      | Reached skill level 13 in Spellcasting
  9097 | D:9      | Noticed Joseph
  9116 | D:9      | Killed Joseph
  9268 | D:10     | Entered Level 10 of the Dungeon
  9456 | D:10     | Noticed a two-headed ogre
  9590 | D:10     | Killed a two-headed ogre
  9590 | D:10     | Reached skill level 14 in Spellcasting
  9678 | D:10     | Offered knowledge of Stone Arrow by Vehumet.
  9808 | D:10     | Found a staircase to the Orcish Mines.
  9895 | D:10     | Noticed Nergalle
  9903 | D:10     | Killed Nergalle
 10221 | Lair:1   | Entered Level 1 of the Lair of Beasts
 10258 | Lair:1   | Reached XP level 11. HP: 54/54 MP: 10/31
 10452 | Lair:1   | Reached **** piety under Vehumet
 10732 | Lair:1   | Reached skill level 15 in Spellcasting
 10847 | Lair:1   | HP: 2/54 [spiny frog (18)]
 11190 | Lair:1   | Noticed an oklob plant
 11208 | Lair:1   | Killed an oklob plant
 11766 | Lair:2   | Offered knowledge of Static Discharge by Vehumet.
 11797 | Lair:2   | Found a dark tunnel.
 11808 | Volcano  | Entered a volcano
 11929 | Volcano  | Engulfed by a cloud of flame

Skill      XL: |  1  2  3  4  5  6  7  8  9 10 11 |
---------------+----------------------------------+-----
Conjurations   | 5 6 7 8 9 11 12 13 | 13.2
Stealth        | 3 4 5 |  5.5
Spellcasting   | 4 6 8 10 12 14 15 | 15.8
Dodging        | 3 4 |  4.7
Hexes          | 1 3 4 |  4.4

Action                   |  1- 3 |  4- 6 |  7- 9 | 10-12 || total
-------------------------+-------+-------+-------+-------++-------
 Cast: Magic Dart        |    32 |    86 |   108 |    51 ||   277
       Searing Ray       |     3 |     7 |    19 |    21 ||    50
       Dazzling Spray    |     1 |     2 |     5 |       ||     8
       Iskenderun's Myst |       |     8 |    78 |    84 ||   170
       Slow              |       |       |     1 |     2 ||     3
       Fulminant Prism   |       |       |       |    19 ||    19
  Use: Scroll            |       |     6 |     8 |     7 ||    21
  Eat: Chunk             |       |     4 |    15 |    10 ||    29
       Ration            |       |     1 |     1 |       ||     2
Armor: Robe              |       |     2 |     2 |     3 ||     7
Dodge: Dodged            |     4 |     5 |    31 |    46 ||    86
       Deflected         |     1 |       |    11 |     7 ||    19
